 Dungeon Crawl Stone Soup version 0.23.2-33-g5129a83 (webtiles) character file.

Game seed: 11246787351661117081

226 Fortress the Gusty (level 6, -2/32 HPs)
             Began as a Tengu Air Elementalist on July 3, 2019.
             Killed by divine providence
             ... invoked by an orc priest
              (15 damage)
             ... on level 4 of the Dungeon.
             The game lasted 00:23:51 (3553 turns).

Fortress the Gusty (Tengu Air Elementalist)         Turns: 3553, Time: 00:23:51

Health: -2/32      AC:  2    Str:  8    XL:     6   Next: 1%
Magic:  2/10       EV: 13    Int: 18    God:
Gold:   162        SH:  0    Dex: 14    Spells: 6/9 levels left

rFire    . . .     SeeInvis .   g - +2 hunting sling (flame)
rCold    . . .     Gourm    .   (no shield)
rNeg     . . .     Faith    .   a - +0 robe
rPois    .         Spirit   .   (helmet restricted)
rElec    .         Reflect  .   (no cloak)
rCorr    .         Harm     .   (no gloves)
MR       .....                  (boots unavailable)
Stlth    ++........             (no amulet)
HPRegen  0.10/turn              (no ring)
MPRegen  0.12/turn              (no ring)

@: no status effects
A: beak, talons 3, able to fly
a: Fly


You were on level 4 of the Dungeon.
You were hungry.

You visited 1 branch of the dungeon, and saw 4 of its levels.

You collected 162 gold pieces.

Inventory:

Hand Weapons
 g - a +2 hunting sling of flaming (weapon)
 w - a +0 blowgun
Missiles
 i - 34 stones (quivered)
 k - 22 poisoned needles
 n - 50 sling bullets
Armour
 a - a +0 robe (worn)
Jewellery
 m - an uncursed ring of wizardry {unknown}
Wands
 s - a wand of polymorph (8)
 t - a wand of enslavement (8)
Scrolls
 b - 2 scrolls of enchant armour {unknown}
 d - 2 scrolls of remove curse {unknown}
 f - 3 scrolls of identify {unknown}
 j - 5 scrolls of teleportation {unknown}
 l - 2 scrolls of magic mapping {unknown}
Potions
 e - a potion of haste {unknown}
 h - 2 potions of curing {unknown}
 o - a potion of magic {unknown}
 p - a potion of resistance {unknown}
 q - a potion of might {unknown}
 r - a potion of heal wounds {unknown}
 u - 2 potions of cancellation {unknown}
Comestibles
 c - 5 rations


   Skills:
 + Level 3.4 Slings
 + Level 2.6 Dodging
 - Level 2.0 Stealth
 - Level 2.0 Spellcasting
 + Level 3.4 Conjurations
 + Level 5.9 Air Magic


You had 6 spell levels left.
You knew the following spells:

 Your Spells              Type           Power        Failure   Level  Hunger
a - Shock                 Conj/Air       ###.         2%          1    #......
b - Searing Ray           Conj           ##....       7%          2    ###....

Your spell library contained the following spells:

 Spells                   Type           Power        Failure   Level  Hunger
 Magic Dart               Conj           ##..         4%          1    #......
 Static Discharge         Conj/Air       ###.....     8%          3    ###....
 Swiftness                Chrm/Air       ##......     9%          2    ###....
 Airstrike                Air            ###.......   16%         4    #####..
 Dazzling Spray           Conj/Hex       #.....       26%         3    ###....
 Iskenderun's Mystic Bla  Conj           ##......     41%         4    #####..
 Lightning Bolt           Conj/Air       ###.......   58%         5    ######.
 Force Lance              Conj/Tloc      #.......     65%         4    #####..
 Fulminant Prism          Conj/Hex       #.........   65%         4    #####..


Dungeon Overview and Level Annotations

Branches:
Dungeon (4/15)
 Temple: D:4-7

Altars:


Innate Abilities, Weirdness & Mutations

You have a beak for a mouth.
You have claws for feet.
You can fly continuously.


Message History

The zap hits the orc.
You kill the orc!
The orc priest casts a cantrip, but nothing happens.
Casting: Shock (safe; 2% risk of failure)
Confirm with . or Enter, or press ? or * to list all spells.
Aiming: Shock (safe; 2% risk of failure)
Press: ? - help, Shift-Dir - straight line, f - orc priest
Aim: an orc priest The zap hits the orc priest.
The orc priest is moderately wounded.
Casting: Shock (safe; 2% risk of failure)
Confirm with . or Enter, or press ? or * to list all spells.
Aiming: Shock (safe; 2% risk of failure)
Press: ? - help, Shift-Dir - straight line, f/p - orc priest
Aim: an orc priest (moderately wounded)
The zap hits the orc priest.
The orc priest is severely wounded.
The orc priest mumbles some strange prayers to Beogh against you.
Beogh smites you!
You die...

.... #.# ... #.# #
.. #.# .# #.#
#.####.#### #o$
#.#........ #.##
#......#
#..#####.#..###
.######.)o.))...##
........#####)@##
#..####.# #...#
#.####.#.#
#..<#..#!.
###...###.. #####
#.# .# .# ####


You could see an orc priest.

Vanquished Creatures
  An orc priest (D:3)
  A worker ant (D:3)
  6 adders
  An adder zombie (D:3)
  A worm (D:3)
  4 dart slugs (D:1)
  A leopard gecko (D:3)
  9 orcs
  10 bats
  4 giant cockroaches
  10 goblins
  6 hobgoblins
  7 jackals (D:3)
  3 quokkas
  A ball python (D:1)
  7 frilled lizards
  9 kobolds
  14 rats
95 creatures vanquished.

Notes
Turn   | Place    | Note
-------+----------+-------------------------------------------
     0 | D:1      | Fortress the Tengu Air Elementalist began the quest for the
                  | Orb.
     0 | D:1      | Reached XP level 1. HP: 10/10 MP: 4/4
   156 | D:1      | Reached XP level 2. HP: 13/15 MP: 3/6
   403 | D:1      | Reached skill level 5 in Air Magic
   464 | D:1      | Reached XP level 3. HP: 18/19 MP: 0/7
  1590 | D:2      | Reached XP level 4. HP: 24/24 MP: 5/8
  1775 | D:2      | Reached skill level 1 in Slings
  2709 | D:3      | Gained mutation: You can fly continuously. [Tengu growth]
  2709 | D:3      | Reached XP level 5. HP: 28/28 MP: 3/9
  3495 | D:4      | Noticed an ogre
  3496 | D:4      | Noticed an ogre
  3536 | D:4      | Learned a level 2 spell: Searing Ray
  3550 | D:4      | Reached XP level 6. HP: 12/32 MP: 4/10
  3553 | D:4      | Killed from afar by an orc priest

Skill      XL: |  1  2  3  4  5 |
---------------+----------------+-----
Air Magic      | 5 |  5.9
Conjurations   | 2 3 |  3.4
Slings         | 2 3 |  3.4
Dodging        | |  2.6
Stealth        | |  2.0
Spellcasting   | |  2.0

Action                   |  1- 3 |  4- 6 || total
-------------------------+-------+-------++-------
Melee: Unarmed           |    32 |       ||    32
       Peck              |     6 |       ||     6
       Kick              |     4 |       ||     4
 Fire: Hunting sling     |    24 |    73 ||    97
 Cast: Shock             |    62 |    76 ||   138
  Eat: Chunk             |     3 |     3 ||     6
       Ration            |       |     1 ||     1
Armor: Robe              |     8 |     8 ||    16
Dodge: Dodged            |    39 |    28 ||    67
